 Dungeon Crawl Stone Soup version 0.21-a0-140-g479285b (webtiles) character file.

86178 tehllama the Geomancer (level 15, -1/92 HPs)
             Began as a Gargoyle Earth Elementalist on July 20, 2017.
             Was an Elder of Vehumet.
             Slain by a battleaxe of venom (6 damage)
             ... on level 1 of the Elven Halls.
             The game lasted 02:38:52 (35202 turns).

tehllama the Geomancer (GrEE)                      Turns: 35202, Time: 02:38:53

Health: -1/92      AC: 27    Str: 13    XL:     15   Next: 86%
Magic:  0/28       EV: 15    Int: 36    God:    Vehumet [****..]
Gold:   986        SH:  4    Dex: 10    Spells: 10/33 levels left

rFire    . . .     SeeInvis +   R - +2 morningstar (crush)
rCold    . . .     Gourm    +   D - +0 buckler
rNeg     + . .     Faith    .   c - +2 robe {Archmagi}
rPois    ∞         Spirit   .   m - +2 helmet {SInv}
rElec    +         Reflect  .   a - +1 cloak "Buremoow" {+Inv Int+6 Stlth-}
rCorr    .         Harm     .   o - +2 pair of gloves
MR       ++...                  h - +2 pair of boots
Stlth    +.........             b - amulet of the gourmand
HPRegen  0.25/turn              r - ring of protection from magic
MPRegen  0.21/turn              F - +4 ring of intelligence

@: brilliant, flying
A: big wings, negative energy resistance 1, electricity resistance, unbreathing,
petrification resistance, rot immunity, AC +11
a: Stop Flying, Renounce Religion, Evoke Invisibility


You were on level 1 of the Elven Halls.
You worshipped Vehumet.
Vehumet was greatly pleased with you.
You were not hungry.

You visited 5 branches of the dungeon, and saw 20 of its levels.

You collected 2043 gold pieces.
You spent 1057 gold pieces at shops.

Inventory:

Hand Weapons
 p - the +10 hand axe of Collusion {antimagic, MR+ Stlth+}
   (You found it on level 4 of the Lair of Beasts)

   It reduces the magical energy of the wielder, and disrupts the spells and
   magical abilities of those hit.
   Natural abilities and divine invocations are not affected.
   It affects your resistance to hostile enchantments.
   It makes you more stealthy.
 t - a +1 dire flail of crushing
 y - a +0 dire flail of protection
 R - a +2 morningstar of crushing (weapon)
Missiles
 d - 233 stones (quivered)
Armour
 a - the +1 cloak "Buremoow" (worn) {+Inv Int+6 Stlth-}
   (You found it on level 10 of the Dungeon)

   It affects your intelligence (+6).
   It lets you turn invisible.
   It makes you less stealthy.
 c - a +2 robe of the Archmagi (worn)
 f - a +0 robe of fire resistance
 h - a +2 pair of boots (worn)
 m - a +2 helmet of see invisible (worn)
 o - a +2 pair of gloves (worn)
 w - a +2 robe of positive energy
 z - the +2 leather armour of the Abyss {rPois}
   (You bought it in a shop on level 2 of the Orcish Mines)

   It protects you from poison.
 D - a +0 buckler (worn)
 I - a +3 troll leather armour {Snorg}
Jewellery
 b - an amulet of the gourmand (around neck)
 j - an uncursed ring of see invisible
 r - a ring of protection from magic (left hand)
 F - a +4 ring of intelligence (right hand)
 H - an uncursed amulet of faith
Wands
 u - a wand of enslavement (20/24)
 L - a wand of disintegration (16/24)
Scrolls
 e - a scroll of magic mapping
 i - 8 scrolls of remove curse
 n - 4 scrolls of teleportation
 s - a scroll of fear
 A - 4 scrolls of amnesia
 E - a scroll of recharging
Potions
 x - 2 potions of brilliance
 B - a potion of lignification
Books
 C - a book of Debilitation

   Spells                             Type                      Level
   a - Corona                         Hexes                        1
   b - Slow                           Hexes                        2
   c - Inner Flame                    Hexes/Fire                   3
   d - Portal Projectile              Hexes/Translocation          3
   e - Cause Fear                     Hexes                        4
   f - Leda's Liquefaction            Hexes/Earth                  4
 K - a book of Maledictions

   Spells                             Type                      Level
   a - Corona                         Hexes                        1
   b - Ensorcelled Hibernation        Hexes/Ice                    2
   c - Confuse                        Hexes                        3
   d - Tukima's Dance                 Hexes                        3
   e - Dazzling Spray                 Conjuration/Hexes            3
Miscellaneous
 O - a fan of gales
 T - a phial of floods
Comestibles
 k - 6 meat rations
 l - 4 royal jellies
 q - 18 fruits
 S - 5 bread rations


   Skills:
 + Level 10.3 Fighting
 + Level 9.1 Maces & Flails
 - Level 6.0 Armour
 + Level 8.0 Dodging
 - Level 2.1 Stealth
 - Level 4.3 Shields
 + Level 9.9 Spellcasting
 + Level 10.7 Conjurations
   Level 0.7 Transmutations
 * Level 10.0 Fire Magic
 + Level 12.2 Earth Magic
 + Level 8.9 Evocations


You had 10 spell levels left.
You knew the following spells:

 Your Spells              Type           Power        Failure   Level  Hunger
a - Sandblast             Erth           ######       0%          1    None
b - Stone Arrow           Conj/Erth      ######       1%          3    None
c - Lee's Rapid Deconstr  Erth           ########..   1%          5    ##.....
d - Throw Flame           Conj/Fire      ######       1%          2    None
e - Sticky Flame          Conj/Fire      ########     1%          4    None
f - Conjure Flame         Conj/Fire      ########     1%          3    None
g - Fireball              Conj/Fire      ########..   1%          5    ##.....


Dungeon Overview and Level Annotations

Branches:
Dungeon (10/15)            Temple (1/1) D:5            Lair (6/6) D:10
  Swamp (0/4) Lair:4        Snake (0/4) Lair:2        Slime (0/5) Lair:6
    Orc (2/2) D:10            Elf (1/3) Orc:2

Altars:
Ashenzari
Cheibriados
Dithmenos
Elyvilon
Fedhas
Gozag
Hepliaklqana
Kikubaaqudgha
Makhleb
Nemelex Xobeh
Okawaru
Qazlal
Ru
Sif Muna
Trog
Uskayaw
Vehumet
Wu Jian
Xom
Yredelemnul
Zin
The Shining One
Beogh

Shops:
D:10 :   Orc:1 !=*=   Orc:2 *?[:

Annotations:
Lair:3 exclusion: 2 oklob plants


Innate Abilities, Weirdness & Mutations

You are resistant to torment.
Your stone body is resilient. (AC +11)
You are immune to poison.
Your large and strong wings let you fly indefinitely.
You resist negative energy. (rN+)
You are resistant to electric shocks. (rElec)
You can survive without breathing.
You are immune to petrification.
You are immune to rotting.


Message History

You closely miss the battleaxe of venom.
The battleaxe of venom is heavily damaged.
The battleaxe of venom hits you!
* * * LOW HITPOINT WARNING * * *
Casting: Sandblast
Confirm with . or Enter, or press ? or * to list all spells.
Aiming: Sandblast
Press: ? - help, Shift-Dir - straight line, f/p - battleaxe of venom
Aim: a battleaxe of venom (heavily damaged)
The blast of sand hits the battleaxe of venom.
The battleaxe of venom is heavily damaged.
d - 233 stones You feel less wooden.
The +1 cloak "Buremoow" {+Inv Int+6 Stlth-} unmelds from your body.
Your +2 helmet of see invisible unmelds from your body.
Your +2 pair of gloves unmelds from your body.
Your +2 pair of boots unmelds from your body.
Your +2 robe of the Archmagi unmelds from your body.
You feel perceptive.
You feel powerful. The battleaxe of venom hits you.
You die...

#....#..#......
######..##+####
#..............
#+#######......).......
....#8≈≈..#####'######+
....#≈≈≈...............
#..#≈≈≈...............
#..#≈≈≈.###############+
#.(e≈≈≈.......(@........
#..#≈≈≈......†..........
##..#≈≈≈.###########+####
.e..#≈≈≈.... ...
.(..#8≈≈..... .....
'##'######### .#+##
e#......# .+ .#..)..># .#
[#......#


You could see a battleaxe of venom.

Vanquished Creatures
  Snorg (Lair:5)
  An ettin (Orc:1)
  7 hydras
  3 catoblepae
  A deep troll shaman (Lair:6)
  5 two-headed ogres
  2 dancing weapons (Elf:1)
  8 death yaks
  The ghost of Alchy the Carver, a journeyman VSBe of Trog (Orc:2)
  6 orc high priests (Orc:2)
  A deep elf knight (Elf:1)
  A sea snake (shapeshifter) (Elf:1)
  An unseen horror (D:10)
  A lindwurm (Lair:6)
  Pikel (D:6)
  11 orc knights
  3 orc sorcerers
  A necromancer (Lair:4)
  3 deep elf magi
  A cyclops (Orc:1)
  9 elephants
  10 black mambas
  Joseph (D:10)
  A torpor snail (Lair:2)
  10 spiny frogs
  A gargoyle (D:10)
  8 komodo dragons
  A rime drake (Lair:5)
  6 trolls
  3 polar bears
  27 blink frogs
  Grinder (D:3)
  11 hippogriffs
  8 dream sheep (Lair:6)
  A water elemental (Elf:1)
  3 wyverns
  74 yaks
  2 hungry ghosts
  4 basilisks (Lair:6)
  5 wargs
  23 water moccasins
  15 porcupines
  Duvessa (D:6)
  46 orc warriors
  5 black bears
  2 ice beasts
  A phantom (D:8)
  4 eyes of draining
  A slave (D:6)
  A necrophage (D:10)
  16 wolves
  6 centaurs
  8 ogres
  12 crocodiles
  14 bullfrogs
  2 big kobolds
  A gnoll sergeant (D:8)
  Dowan (D:6)
  8 scorpions
  4 wights (D:10)
  2 howler monkeys (D:6)
  3 jellies
  2 electric eels (Lair:1)
  2 crimson imps
  2 centaur zombies
  Crazy Yiuf (D:3)
  A bullfrog zombie (D:10)
  41 orc priests
  6 hounds
  2 bullfrog skeletons (D:5)
  A centaur skeleton (D:10)
  Jessica (D:3)
  Natasha (thrice) (D:3)
  Terence (D:3)
  4 iguanas
  20 orc wizards
  3 yak simulacra (Lair:4)
  5 hell rats (Lair:6)
  9 worker ants
  2 wolf simulacra (Lair:4)
  4 polar bear simulacra (Lair:4)
  2 hound zombies (D:5)
  3 howler monkey zombies
  Robin (D:2)
  16 gnolls
  18 adders
  A river rat (D:10)
  5 shadow imps
  2 oozes (D:6)
  5 adder skeletons
  2 adder zombies
  2 worms
  3 dart slugs
  6 leopard geckos
  104 orcs
  A ball python (Lair:2)
  A bat zombie (D:3)
  8 giant cockroaches
  13 goblins
  13 hobgoblins
  11 jackals
  10 kobolds
  5 quokkas
  A ball python skeleton (D:5)
  6 bats
  8 frilled lizards
  A leopard gecko skeleton (D:6)
  A leopard gecko zombie (D:6)
  A quokka skeleton (D:4)
  A quokka zombie (D:8)
  2 rats
  A rat zombie (D:3)
  2 river rat simulacra (Lair:4)
  2 fungi (D:3)
789 creatures vanquished.

Vanquished Creatures (others)
  3 slaves (D:6)
  An orc (Orc:1)
  A goblin (D:2)
  3 bushes (Lair:6)
  33 fungi
  26 plants
67 creatures vanquished.

Grand Total: 856 creatures vanquished

Notes
Turn   | Place    | Note
-------+----------+-------------------------------------------
     0 | D:1      | tehllama the Gargoyle Earth Elementalist began the quest for the Orb.
     0 | D:1      | Reached XP level 1. HP: 10/10 MP: 3/3
   706 | D:1      | Reached skill level 4 in Earth Magic
   706 | D:1      | Reached XP level 2. HP: 9/15 MP: 5/5
   881 | D:1      | Reached XP level 3. HP: 16/19 MP: 1/7
   891 | D:1      | Learned a level 3 spell: Stone Arrow
  1199 | D:2      | Noticed Robin
  1469 | D:2      | Killed Robin
  1469 | D:2      | Reached skill level 1 in Conjurations
  1469 | D:2      | Reached XP level 4. HP: 24/24 MP: 3/8
  1873 | D:2      | Reached XP level 5. HP: 21/28 MP: 8/10
  1924 | D:2      | Found a faded altar of an unknown god.
  1997 | D:2      | Reached skill level 5 in Earth Magic
  2005 | D:2      | Learned a level 5 spell: Lee's Rapid Deconstruction
  2200 | D:3      | Noticed Natasha
  2207 | D:3      | Killed Natasha
  2335 | D:3      | Noticed Natasha
  2345 | D:3      | Killed Natasha
  2395 | D:3      | Noticed Natasha
  2400 | D:3      | Killed Natasha
  2400 | D:3      | Reached XP level 6. HP: 32/32 MP: 4/11
  2443 | D:3      | Noticed Jessica
  2450 | D:3      | Killed Jessica
  2498 | D:3      | Noticed Grinder
  2511 | D:3      | Killed Grinder
  2511 | D:3      | Reached XP level 7. HP: 26/36 MP: 7/13
  2592 | D:3      | Noticed Terence
  2603 | D:3      | Killed Terence
  2603 | D:3      | Reached skill level 6 in Earth Magic
  2698 | D:3      | Found a burning altar of Makhleb.
  2701 | D:3      | Found an ancient bone altar of Kikubaaqudgha.
  2701 | D:3      | Found an opulent altar of Gozag.
  2703 | D:3      | Found a shimmering altar of Xom.
  2703 | D:3      | Found a glowing silver altar of Zin.
  2703 | D:3      | Found a burning altar of Makhleb.
  2867 | D:3      | Found an ancient bone altar of Kikubaaqudgha.
  3039 | D:3      | Found a runed door.
  3043 | D:3      | Noticed Crazy Yiuf
  3048 | D:3      | Killed Crazy Yiuf
  3277 | D:4      | Reached skill level 1 in Fighting
  3386 | D:4      | Found an opulent altar of Gozag.
  3406 | D:4      | Reached skill level 1 in Maces & Flails
  3469 | D:4      | Reached skill level 1 in Armour
  3469 | D:4      | Reached skill level 1 in Evocations
  3934 | D:5      | Entered Level 5 of the Dungeon
  4261 | D:5      | Reached XP level 8. HP: 44/44 MP: 6/15
  4773 | D:5      | Found a bloodstained altar of Trog.
  4789 | D:5      | Reached skill level 5 in Spellcasting
  5266 | D:5      | Reached skill level 5 in Conjurations
  5294 | D:5      | Found a staircase to the Ecumenical Temple.
  5306 | Temple   | Entered the Ecumenical Temple
  5538 | D:6      | Reached XP level 9. HP: 50/50 MP: 9/17
  5615 | D:6      | Found an ornate altar of the Wu Jian Council.
  5709 | D:6      | Reached skill level 7 in Earth Magic
  5725 | D:6      | Noticed Pikel
  5728 | D:6      | Killed Pikel
  5756 | D:6      | Noticed Dowan
  5788 | D:6      | Noticed Duvessa
  5792 | D:6      | Killed Duvessa
  5796 | D:6      | Killed Dowan
  6714 | D:6      | Found a snail-covered altar of Cheibriados.
  7502 | D:7      | Reached XP level 10. HP: 43/56 MP: 7/18
  7626 | D:7      | Reached skill level 8 in Earth Magic
  7822 | D:7      | Found a sacrificial altar of Ru.
  8089 | D:7      | Found a glowing silver altar of Zin.
  8388 | D:7      | Found a radiant altar of Vehumet.
  8397 | D:7      | Became a worshipper of Vehumet
  8635 | D:8      | Found a white marble altar of Elyvilon.
  8879 | D:8      | Noticed a two-headed ogre
  8885 | D:8      | Killed a two-headed ogre
  8885 | D:8      | Reached skill level 5 in Armour
  9167 | D:8      | Found a shimmering altar of Xom.
  9630 | D:8      | Reached * piety under Vehumet
  9630 | D:8      | Offered knowledge of Shock by Vehumet.
  9884 | D:9      | Reached skill level 5 in Fighting
 10447 | D:9      | Reached skill level 1 in Shields
 10720 | D:9      | Reached XP level 11. HP: 57/64 MP: 3/20
 11061 | D:9      | Noticed a two-headed ogre
 11065 | D:9      | Killed a two-headed ogre
 11065 | D:9      | Reached skill level 5 in Maces & Flails
 11160 | D:9      | Reached skill level 5 in Evocations
 11161 | D:9      | Reached skill level 9 in Earth Magic
 11167 | D:9      | Noticed a two-headed ogre
 11173 | D:9      | Killed a two-headed ogre
 11173 | D:9      | Reached ** piety under Vehumet
 11410 | D:9      | Offered knowledge of Searing Ray by Vehumet.
 11546 | D:10     | Entered Level 10 of the Dungeon
 11760 | D:10     | Noticed an unseen horror
 11774 | D:10     | Killed an unseen horror
 11804 | D:10     | Offered knowledge of Throw Flame by Vehumet.
 11950 | D:10     | Noticed a death yak
 11966 | D:10     | Noticed a death yak
 11968 | D:10     | Noticed a death yak
 12254 | D:10     | Killed a death yak
 12254 | D:10     | Reached skill level 5 in Dodging
 12621 | D:9      | Killed a death yak
 12639 | D:9      | Killed a death yak
 12639 | D:9      | Reached XP level 12. HP: 42/71 MP: 1/22
 12791 | D:9      | Reached *** piety under Vehumet
 12795 | D:9      | Learned a level 2 spell: Throw Flame
 12951 | D:10     | Reached skill level 1 in Fire Magic
 13129 | D:10     | Noticed a two-headed ogre
 13129 | D:10     | Found a staircase to the Orcish Mines.
 13139 | D:10     | Killed a two-headed ogre
 13146 | D:10     | Noticed a two-headed ogre
 13150 | D:10     | Killed a two-headed ogre
 13283 | D:10     | Found a staircase to the Lair.
 13308 | D:10     | Offered knowledge of Sticky Flame by Vehumet.
 13314 | D:10     | Learned a level 4 spell: Sticky Flame
 13317 | D:10     | Noticed Joseph
 13336 | D:10     | Killed Joseph
 13644 | D:10     | Reached skill level 10 in Earth Magic
 13745 | D:10     | Got a pitted cloak
 13756 | D:10     | Identified the +1 cloak "Buremoow" {+Inv Int+6 Stlth-} (You found it on level 10 of the Dungeon)
 13961 | D:10     | Reached **** piety under Vehumet
 14115 | D:10     | Found Wiorykk's Book Boutique.
 14233 | D:10     | Offered knowledge of Conjure Flame by Vehumet.
 14243 | D:10     | Learned a level 3 spell: Conjure Flame
 14577 | D:10     | Found a roughly hewn altar of Beogh.
 14669 | Lair:1   | Entered Level 1 of the Lair of Beasts
 15657 | Lair:1   | Reached ***** piety under Vehumet
 15685 | Lair:1   | Offered knowledge of Fireball by Vehumet.
 15734 | Lair:1   | Learned a level 5 spell: Fireball
 16109 | Lair:1   | Reached XP level 13. HP: 66/76 MP: 4/25
 16709 | Lair:1   | Reached skill level 5 in Fire Magic
 18228 | Lair:2   | Found a staircase to the Snake Pit.
 18263 | Lair:2   | Identified a scroll of acquirement
 18266 | Lair:2   | Got a twisted chain mail
 18277 | Lair:2   | Identified the +5 chain mail of the Villain {rElec Str+3} (You acquired it on level 2 of the Lair of Beasts)
 20713 | Lair:3   | Offered knowledge of Bolt of Draining by Vehumet.
 21482 | Lair:4   | Got a steaming hand axe
 21485 | Lair:4   | Identified the +10 hand axe of Collusion {antimagic, MR+ Stlth+} (You found it on level 4 of the Lair of Beasts)
 21622 | Lair:4   | Found a staircase to the Swamp.
 21810 | Lair:4   | Reached skill level 11 in Earth Magic
 22383 | Lair:4   | Gained mutation: Your large and strong wings let you fly indefinitely. [Gargoyle growth]
 22383 | Lair:4   | Reached XP level 14. HP: 84/84 MP: 3/26
 23894 | Lair:5   | Noticed Snorg
 23903 | Lair:5   | Killed Snorg
 24727 | Lair:6   | Entered Level 6 of the Lair of Beasts
 26131 | Lair:6   | Reached ****** piety under Vehumet
 26131 | Lair:6   | Reached skill level 10 in Conjurations
 26189 | Lair:6   | Offered knowledge of Irradiate by Vehumet.
 26782 | Lair:6   | Reached XP level 15. HP: 91/91 MP: 12/28
 27210 | Lair:6   | Found a staircase to the Slime Pits.
 28021 | Orc:1    | Entered Level 1 of the Orcish Mines
 28497 | Orc:1    | Found Eson's Jewellery Shoppe.
 28608 | Orc:1    | Found Enoegoot's General Store.
 28692 | Orc:1    | Found Irulah's Jewellery Shoppe.
 28884 | Orc:2    | Entered Level 2 of the Orcish Mines
 29149 | Orc:2    | Paralysed by an orc sorcerer for 7 turns
 29159 | Orc:1    | Paralysed by an orc sorcerer for 2 turns
 29555 | Orc:2    | Offered knowledge of Yara's Violent Unravelling by Vehumet.
 30038 | Orc:2    | Noticed Alchy's ghost (journeyman VSBe)
 30051 | Orc:2    | Killed Alchy's ghost
 30687 | Orc:2    | Reached skill level 10 in Fighting
 31559 | Orc:2    | Reached skill level 12 in Earth Magic
 32549 | Orc:2    | Offered knowledge of Spellforged Servitor by Vehumet.
 33374 | Orc:2    | Found Logeic's Book Shop.
 33374 | Orc:2    | Found Etuth's General Store.
 33375 | Orc:2    | Found Xoshra's Antique Armour Shop.
 33375 | Orc:2    | Found Emaberrako's Magic Scroll Boutique.
 33390 | Orc:2    | Bought a warped leather armour for 182 gold pieces
 33396 | Orc:2    | Bought a scroll of identify for 32 gold pieces
 33396 | Orc:2    | Identified the +2 leather armour of the Abyss {rPois} (You bought it in a shop on level 2 of the Orcish Mines)
 33496 | Orc:2    | Found a staircase to the Elven Halls.
 33811 | Orc:1    | Found Feimis's Distillery.
 34152 | Orc:1    | Bought a potion of degeneration for 13 gold pieces
 34152 | Orc:1    | Bought a potion of heal wounds for 65 gold pieces
 34421 | Orc:1    | Bought an uncursed amulet of the gourmand for 390 gold pieces
 34445 | Orc:1    | Bought an uncursed ring of protection from magic for 375 gold pieces
 34663 | Elf:1    | Entered Level 1 of the Elven Halls
 34910 | Elf:1    | Reached skill level 10 in Fire Magic
 35201 | Elf:1    | HP: 6/138 [battleaxe of venom (8)]
 35202 | Elf:1    | Slain by a battleaxe of venom

Vault maps used:
D:1:      tarquinn_simple_flora_water_c
D:2:      chequers_ecumenical_altar_grove, uniq_robin
D:3:      doesnt_xom_only_xom, lemuel_zombie_altar_kikubaaqudgha, first_bread,
          serial_bayou_pond_d, serial_bayou_crossing, uniq_crazy_yiuf_cottage,
          uniq_natasha, uniq_jessica, uniq_terence, uniq_grinder
D:4:      nicolae_gozag_seed_capital, serial_bayou_pond_d,
          kennysheep_generic_room_11
D:5:      trog_eyes_of_draining, temple_hall
D:6:      overflow_temple_1_default, marbit_many_paths, uniq_pikel, uniq_duvessa
D:7:      nicolae_ru_great_annihilating_truth, zin_scriptorium,
          overflow_temple_1_default
D:8:      elyvilon_altar_3, basic_altar
D:10:     dpeg_lair_monsters, david_orc_2, serial_shops,
          nicolae_shop_waterfront, special_room, uniq_joseph
Temple:   nicolae_temple_x_marks_the_god
Lair:1:   serial_bayou_shore_a, grunt_megastairs_2
Lair:2:   minmay_snake_entry_six_corridors
Lair:3:   minmay_lair_oklob_chamber
Lair:4:   swamp_mist, eino_house_with_fridge
Lair:5:   uniq_snorg
Lair:6:   grunt_lair_end_beastmaster, slime_dummy, kennysheep_basilisk_garden
Orc:1:    serial_shops, shop, nicolae_shop_behind_doors, shop,
          nicolae_shop_waterfront
Orc:2:    st_orc_pillars
Elf:1:    evilmike_minifort, nicolae_elf_glass_and_crystal_pillar_2

Skill      XL: |  1  2  3  4  5  6  7  8  9 10 11 12 13 14 15 |
---------------+----------------------------------------------+-----
Earth Magic    | 4 5 6 7 8 9 10 11 12 | 12.2
Spellcasting   | 3 4 5 6 7 8 9 |  9.9
Conjurations   | 1 2 3 4 5 6 7 8 9 10 | 10.7
Fighting       | 1 3 4 5 6 7 8 9 10 | 10.3
Maces & Flails | 1 2 3 4 5 6 7 8 9 |  9.1
Armour         | 1 3 4 5 6 |  6.0
Evocations     | 1 2 3 4 5 6 7 8 |  8.9
Dodging        | 2 3 4 5 6 7 8 |  8.0
Shields        | 1 4 |  4.3
Fire Magic     | 4 7 8 10 | 10.0
Stealth        | |  2.1
Transmutations | |  0.7

Action                   |  1- 3 |  4- 6 |  7- 9 | 10-12 | 13-15 || total
-------------------------+-------+-------+-------+-------+-------++-------
Melee: Unarmed           |    43 |       |       |       |       ||    43
       Short sword       |    28 |       |       |       |       ||    28
       Club              |    51 |    81 |    75 |       |       ||   207
       Mace              |       |       |    31 |       |       ||    31
       Flail             |       |       |   144 |    20 |       ||   164
       Dire flail        |       |       |       |    89 |    27 ||   116
       Morningstar       |       |       |       |    44 |   286 ||   330
Throw: Stone             |       |       |       |       |     2 ||     2
 Cast: Sandblast         |    23 |    48 |    51 |   108 |    70 ||   300
       Stone Arrow       |       |       |   104 |   212 |   197 ||   513
       Lee's Rapid Decon |       |       |     5 |    24 |    15 ||    44
       Throw Flame       |       |       |       |    60 |   128 ||   188
       Sticky Flame      |       |       |       |    22 |   315 ||   337
       Conjure Flame     |       |       |       |    10 |    19 ||    29
       Fireball          |       |       |       |       |    87 ||    87
 Abil: Fly               |       |       |       |       |     1 ||     1
  Use: Scroll            |       |       |    14 |    12 |    20 ||    46
       Potion            |       |       |       |    12 |    14 ||    26
 Stab: Sleeping          |     1 |     3 |       |       |       ||     4
       Petrified         |       |       |       |       |     5 ||     5
  Eat: Chunk             |     2 |     4 |    22 |    28 |    51 ||   107
       Meat ration       |       |       |       |     1 |     4 ||     5
       Fruit             |       |       |       |       |     2 ||     2
Armor: Robe              |    58 |    50 |   154 |    79 |   145 ||   486
       Leather armour    |       |       |       |   102 |   284 ||   386
       Skin              |       |       |       |     4 |    20 ||    24
       Troll leather arm |       |       |       |       |   184 ||   184
Dodge: Dodged            |   115 |    84 |   209 |   250 |   690 ||  1348
Block: Buckler           |       |       |       |       |     1 ||     1
